Map: Sequencer LE

Players

Elazer - Winner!

  • Race: Zerg Zerg
  • Spawn Location: 7:00

JonSnow

  • Race: Zerg Zerg
  • Spawn Location: 1:00

Event: WCS Valencia 2017

VOD

Have the link to the VOD?

Description

Time

  • Played on: July 13, 2017, 1:44 p.m.
  • Length: 13:51

All games in this series

Show
View Real Time Build Order
Export as new Build Order

Elazer Zerg - Winner!

Build Orders: Hatch First 

Get SALT Encoding   

  12  0:00  Drone  
  13  0:12  Overlord  
  13  0:16  Drone  
  14  0:30  Drone  
  14  0:31  Drone  
  14  0:34  Drone  
  17  0:51  Hatchery  
  17  0:54  Drone  
  17  0:57  Drone  
  17  1:00  Extractor  
  17  1:13  Spawning Pool  
  17  1:16  Drone  
  17  1:19  Drone  
  18  1:27  Drone  
  19  1:38  Overlord  
  19  2:00  Queen, Zergling x2  
  19  2:01  Zergling x2  
  23  2:02  Metabolic Boost  
  23  2:04  Zergling x2  
  23  2:07  Queen  
  26  2:11  Drone  
  26  2:15  Drone  
  28  2:21  Drone  
  29  2:25  Drone  
  30  2:40  Hatchery  
  29  2:44  Queen  
  29  2:48  Drone  
  29  2:49  Drone  
  33  2:54  Overlord  
  33  2:57  Drone  
  34  3:00  Drone  
  34  3:04  Drone  
  36  3:14  Zergling x6  
  36  3:16  Zergling x4  
  41  3:20  Zergling x2  
  41  3:26  Zergling x4  
  44  3:32  Overlord  
  44  3:44  Overlord  
  43  3:50  Drone x2  
  43  3:51  Drone x2  
  43  3:53  Drone x3  
  43  3:55  Drone  
  50  3:56  Drone  
  49  4:08  Roach Warren  
  49  4:09  Overlord  
  48  4:10  Zergling x2  
  48  4:11  Zergling x2  
  48  4:14  Zergling x6  
  48  4:15  Overlord  
  53  4:18  Drone x3  
  53  4:22  Lair  
  53  4:23  Drone  
  56  4:25  Drone  
  57  4:31  Drone  
  57  4:32  Drone  
  57  4:33  Drone  
  57  4:36  Extractor, Overlord  
  58  4:39  Extractor, Drone  
  58  4:40  Drone x2  
  58  4:41  Drone  
  58  4:42  Drone  
  61  4:48  Overlord  
  61  4:49  Drone  
  61  4:50  Drone  
  61  4:51  Drone x2  
  65  4:53  Drone  
  65  4:54  Drone  
  65  4:59  Zergling x6  
  69  5:04  Roach x2  
  72  5:07  Roach x2  
  72  5:11  Roach  
  72  5:12  Roach  
  74  5:18  Zergling x2, Roach x2  
  74  5:19  Zergling x2  
  80  5:22  Overlord  
  80  5:25  Extractor  
  80  5:26  Roach x3  
  84  5:31  Zergling x6, Roach  
  83  5:40  Roach x3  
  86  5:43  Roach  
  86  5:47  Roach  
  86  5:48  Zergling x6  
  86  5:49  Queen  
  86  5:57  Roach x4  
  86  5:58  Zergling x2  
  86  6:01  Queen  
  95  6:05  Overseer  
  95  6:09  Drone x2  
  95  6:10  Evolution Chamber, Drone  
  95  6:11  Drone  
  98  6:15  Drone, Hydralisk Den  
  98  6:21  Pneumatized Carapace  
  98  6:25  Overlord  
  98  6:26  Drone x3  
  98  6:30  Queen  
  103  6:36  Spore Crawler  
  103  6:37  Spore Crawler x2  
  100  6:43  Spore Crawler  
  100  6:47  Zerg Missile Weapons Level 1  
  99  6:52  Hydralisk x3  
  105  6:57  Overlord x2  
  105  7:01  Glial Reconstitution  
  105  7:04  Overlord  
  105  7:15  Queen x2  
  105  7:18  Drone x8  
  105  7:22  Drone x2  
  119  7:23  Drone  
  119  7:26  Hydralisk  
  119  7:29  Muscular Augments  
  122  7:33  Extractor  
  121  7:37  Hydralisk x2  
  121  7:38  Hydralisk  
  121  7:42  Evolution Chamber, Drone  
  121  7:43  Drone x2  
  129  7:47  Overlord  
  128  7:54  Overlord  
  124  8:02  Overlord  
  123  8:10  Overlord  
  123  8:11  Extractor  
  123  8:12  Zerg Ground Armor Level 1, Hydralisk x3  
  126  8:18  Overseer  
  128  8:21  Hydralisk x5  
  138  8:29  Overlord x2  
  138  8:31  Roach x2  
  142  8:36  Overlord x2  
  142  8:41  Overlord  
  142  8:44  Zerg Missile Weapons Level 2  
  142  8:47  Roach x6  
  154  8:54  Overlord  
  154  9:00  Roach x5  
  162  9:05  Extractor  
  162  9:09  Roach  
  163  9:12  Hatchery  
  162  9:20  Hydralisk x5  
  172  9:30  Roach x5  
  182  9:37  Roach x3  
  188  9:40  Roach  
  188  9:41  Roach  
  188  9:42  Overlord  
  192  9:52  Overlord  
  192  9:56  Infestation Pit  
  192  9:57  Overseer  
  191  10:13  Drone x3  
  191  10:14  Drone x3  
  197  10:27  Zerg Ground Armor Level 2  
  197  10:28  Hatchery, Overlord  
  197  10:35  Roach  
  198  10:36  Hive  
  198  11:03  Overlord  
  128  11:21  Hydralisk x19  
  152  11:26  Roach x4  
  156  11:39  Roach  
  158  11:40  Roach x5  
  158  11:46  Roach  
  146  11:47  Viper  
  146  11:51  Viper  
  148  11:57  Extractor  
  148  11:59  Roach  
  148  12:00  Roach x5  
  157  12:01  Overseer  
  157  12:21  Viper  
  155  12:26  Roach x11  
  174  12:33  Roach x4  
  182  12:55  Ravager x5  
  187  12:58  Hatchery  
  182  13:22  Roach  
  182  13:23  Roach x7  
Show
View Real Time Build Order
Export as new Build Order

JonSnow Zerg 

Build Orders: Hatch First, Lurkers 

Get SALT Encoding   

  12  0:00  Drone  
  13  0:12  Overlord  
  13  0:17  Drone  
  14  0:30  Drone x2  
  14  0:34  Drone  
  17  0:54  Hatchery  
  17  0:55  Drone  
  17  0:58  Drone  
  18  1:04  Extractor  
  17  1:13  Spawning Pool  
  17  1:17  Drone  
  17  1:20  Drone  
  18  1:28  Overlord  
  18  1:39  Drone  
  19  1:51  Drone  
  20  2:02  Drone  
  20  2:03  Queen  
  20  2:04  Metabolic Boost  
  20  2:06  Queen  
  20  2:08  Zergling x2  
  26  2:13  Evolution Chamber  
  25  2:16  Drone  
  25  2:19  Drone  
  27  2:24  Drone  
  27  2:27  Drone  
  29  2:36  Drone  
  30  2:43  Drone x2  
  32  2:44  Zerg Melee Weapons Level 1  
  32  2:49  Queen  
  34  2:53  Zergling x2  
  35  2:59  Drone  
  36  3:06  Overlord x2  
  35  3:19  Drone  
  36  3:20  Overlord  
  36  3:27  Zergling x12  
  41  3:35  Zergling x2  
  42  3:41  Lair  
  42  3:42  Drone  
  42  3:43  Extractor  
  42  3:44  Zergling x2  
  42  3:48  Baneling Nest  
  42  3:49  Zergling x2  
  42  3:54  Zergling x2  
  43  3:58  Zergling x2  
  42  4:06  Zergling x2  
  43  4:10  Zergling x2  
  43  4:13  Zergling x6  
  47  4:17  Zergling x2  
  47  4:20  Drone  
  49  4:27  Zergling x2  
  49  4:32  Zergling x2  
  50  4:39  Drone  
  50  4:40  Overlord  
  50  4:43  Extractor, Drone x3  
  50  4:44  Extractor  
  50  4:45  Spire  
  51  4:49  Baneling  
  51  4:50  Baneling, Spine Crawler  
  51  4:52  Baneling x2  
  50  4:53  Zergling x6  
  53  5:01  Zergling x4  
  53  5:05  Drone x2  
  57  5:12  Zergling x2  
  57  5:13  Zergling x4  
  57  5:14  Drone  
  57  5:20  Drone x3  
  60  5:29  Drone x3  
  59  5:43  Drone x2  
  60  5:50  Drone x5  
  60  5:53  Drone x2  
  64  6:00  Mutalisk  
  64  6:04  Mutalisk  
  68  6:12  Overlord  
  68  6:15  Zerg Flyer Weapons Level 1  
  68  6:22  Unknown  
  68  6:31  Mutalisk x3  
  68  6:32  Hatchery  
  73  6:33  Overlord  
  73  6:37  Mutalisk  
  75  6:42  Drone, Hydralisk Den  
  75  6:45  Overlord  
  75  6:51  Drone  
  76  6:59  Mutalisk x3  
  76  7:00  Mutalisk  
  84  7:03  Overlord  
  84  7:09  Overlord x2  
  84  7:17  Lurker Den  
  84  7:18  Drone x3  
  87  7:23  Drone  
  88  7:31  Extractor, Drone x5  
  88  7:35  Extractor  
  90  7:37  Overlord  
  90  7:39  Drone  
  91  7:50  Queen  
  90  8:02  Drone x3  
  90  8:03  Drone x5  
  90  8:04  Drone x2  
  100  8:08  Zerg Missile Weapons Level 1  
  100  8:12  Hydralisk  
  102  8:14  Overlord  
  102  8:16  Hydralisk  
  102  8:19  Hydralisk  
  104  8:21  Hatchery  
  104  8:24  Hydralisk x2  
  104  8:26  Hydralisk  
  111  8:32  Hydralisk x2  
  115  8:38  Hydralisk x2  
  119  8:42  Overlord  
  119  8:44  Muscular Augments  
  121  8:48  Lurker x3  
  121  8:50  Hydralisk  
  121  8:53  Overlord  
  124  8:58  Hydralisk x2  
  128  9:08  Hydralisk x4  
  128  9:09  Unknown  
  136  9:11  Overseer  
  136  9:14  Overlord x2  
  136  9:16  Lurker  
  138  9:17  Lurker  
  138  9:22  Extractor, Hydralisk x2  
  141  9:29  Roach Warren  
  141  9:30  Lurker  
  141  9:33  Overlord  
  141  9:40  Lurker  
  141  9:41  Lurker  
  141  9:42  Zergling x12  
  141  9:43  Zergling x2  
  149  9:48  Hydralisk x2  
  153  9:55  Hydralisk x2  
  153  9:58  Roach Warren  
  156  10:00  Unknown  
  156  10:04  Hydralisk x3  
  156  10:20  Zerg Missile Weapons Level 2  
  144  10:31  Lurker  
  144  10:32  Lurker x2, Zergling x2  
  144  10:33  Zergling x22  
  159  10:36  Lurker  
  159  10:45  Glial Reconstitution  
  159  10:47  Roach x3  
  159  10:48  Unknown x2  
  154  11:03  Roach x6  
  153  11:15  Roach x3  
  145  11:18  Roach  
  145  11:19  Roach x2  
  151  11:30  Roach x2  
  151  11:31  Roach  
  151  11:40  Roach x3  
  147  11:48  Roach x2  
  147  11:53  Roach  
  151  11:56  Overseer  
  153  12:01  Roach x3  
  157  12:11  Unknown  
  157  12:12  Unknown  
  156  12:20  Hydralisk x4  
  161  12:27  Overlord x2  
  161  12:28  Overlord  
  161  12:36  Roach  
  162  12:38  Overlord x2  
  162  12:46  Overlord  
  162  12:48  Lurker x7  
  162  12:50  Roach  
  171  12:55  Roach  
  171  12:56  Unknown x2  
  171  12:58  Unknown  
  173  13:03  Hydralisk x2  
  176  13:08  Hydralisk x2  
  175  13:15  Roach  
  175  13:16  Roach  
  175  13:19  Roach  
Tags
 
Add a new tag
Caveats
  • Supply blocks, unpowered buildings, or Contaminate may cause inaccurate times.
  • Supply counts are checked every 10 seconds.